 Dungeon Sprint DCSS version 0.21.1-1-g345015fe64 (webtiles) character file.

435 Izku the Protected (level 6, -2/66 HPs)
             Began as a Minotaur Fighter on Mar 30, 2018.
             Was an Initiate of Sif Muna.
             Asphyxiated
             ... in the Dungeon (Sprint I: "Red Sonja").
             The game lasted 00:09:36 (196 turns).

Izku the Protected (Minotaur Fighter)                Turns: 196, Time: 00:09:36

Health: -2/66      AC:  4    Str: 21    XL:     6   Next: 68%
Magic:  5/5        EV: 11    Int:  5    God:    Sif Muna [......]
Gold:   297        SH: 11    Dex: 11    Spells: 5/5 levels left

rFire    + . .     SeeInvis .   a - +0 flail
rCold    . . .     Gourm    .   c - +0 shield
rNeg     . . .     Faith    .   m - +2 robe {rF+}
rPois    .         Spirit   .   (helmet restricted)
rElec    .         Reflect  .   (no cloak)
rCorr    .         Harm     .   (no gloves)
MR       .....     NoTele   +   (no boots)
Stlth    +.........             (no amulet)
HPRegen  0.21/turn              (no ring)
MPRegen  0.09/turn              (no ring)

@: lethally poisoned (-2 -> -26), slowed, very slow
A: retaliatory headbutt, horns 2
a: Renounce Religion


You were in the Dungeon.
You worshipped Sif Muna.
Sif Muna was noncommittal.
You were not hungry.

You visited 1 branch You collected 297 gold pieces.

Inventory:

Hand Weapons
 a - a +0 flail (weapon)
 g - a +0 scythe
 n - a +0 dagger
 p - a +0 giant club
Armour
 b - a +0 scale mail
 c - a +0 shield (worn)
 m - a +2 robe of fire resistance (worn)
 o - a +0 leather armour
Jewellery
 r - an uncursed ring of see invisible {unknown}
Scrolls
 k - a scroll of blinking
 q - a scroll of remove curse {unknown}
Potions
 d - a potion of might
 e - a potion of curing
 h - a potion of haste
 i - 2 potions of magic
 j - a potion of berserk rage
Comestibles
 f - a ration
 l - a chunk of flesh


   Skills:
 + Level 9.8 Fighting
 + Level 6.7 Maces & Flails
 + Level 10.1 Armour
 + Level 1.3 Dodging
 + Level 9.7 Shields


You had 5 spell levels left.
You didn't know any spells.

Dungeon Overview and Level Annotations

Branches:
Dungeon (1/1)

Altars:
Cheibriados
Dithmenos
Elyvilon
Fedhas
Gozag
Hepliaklqana
Kikubaaqudgha
Nemelex Xobeh
Okawaru
Qazlal
Ru
Sif Muna
Trog
Uskayaw
Vehumet
Wu Jian
Yredelemnul
Zin
The Shining One

Shops:
D :

Annotations:
D Sonja


Innate Abilities, Weirdness & Mutations

You reflexively headbutt those who attack you in melee.
You have a pair of horns on your head.


Message History

Its appearance distorts for a moment.
Sonja closely misses you. You block Sonja's attack.
Sonja hits you with an uncursed dagger of distortion.
* * * LOW HITPOINT WARNING * * *
Space bends around you.
* * * LOW HITPOINT WARNING * * *
* * * LOW HITPOINT WARNING * * *
You feel sick.
Sonja mumbles some strange words.
Sonja blinks!
Sonja unwields an uncursed dagger of distortion.
Its appearance distorts for a moment.
Sonja wields an uncursed blowgun.
Sonja shoots a curare-tipped needle.
You block the curare-tipped needle.
You see here 2 curare-tipped needles.
* * * LOW HITPOINT WARNING * * *
You feel sick.
Sonja shoots a curare-tipped needle.
The curare-tipped needle hits you.
You are more poisoned.
You have difficulty breathing.
You die...

################
#<.#..'..#..'..#
#..†..#..'..#..+
#..#####'#####'#
#..####..#...#.#
#..#__####..##.#
#..#_____##'#§.+
#⌠⌠#_.∩...'@.._#
####_..__##_(#+#
#_____###'#
####### #.#


$K$ $.$# ##.## #+# You could see Sonja.

Vanquished Creatures
  Sigmund (D)
  A yak (D)
  An ogre (D)
  A jelly (D)
  Ijyb (D)
5 creatures vanquished.

Notes
Turn   | Place    | Note
-------+----------+-------------------------------------------
     0 | D        | Izku the Minotaur Fighter began the quest for the Orb.
     0 | D        | Reached XP level 1. HP: 19/19 MP: 0/0
     4 | D        | Noticed Ijyb
    13 | D        | Killed Ijyb
    13 | D        | Reached skill level 5 in Fighting
    13 | D        | Reached skill level 5 in Armour
    13 | D        | Reached skill level 5 in Shields
    13 | D        | Reached XP level 2. HP: 27/29 MP: 1/1
    29 | D        | Noticed an ogre
    35 | D        | Killed an ogre
    35 | D        | Reached skill level 7 in Armour
    35 | D        | Reached XP level 3. HP: 8/38 MP: 2/2
    35 | D        | Reached XP level 4. HP: 9/45 MP: 3/3
    49 | D        | Noticed Sigmund
    52 | D        | HP: 2/45 [Sigmund/puff of flame (10)]
    70 | D        | Killed Sigmund
    70 | D        | Reached skill level 5 in Maces & Flails
    70 | D        | Reached skill level 9 in Armour
    70 | D        | Reached XP level 5. HP: 26/56 MP: 4/4
   117 | D        | Found an ornate altar of the Wu Jian Council.
   117 | D        | Found a deep blue altar of Sif Muna.
   119 | D        | Found a radiant altar of Vehumet.
   127 | D        | Reached skill level 1 in Dodging
   127 | D        | Reached XP level 6. HP: 15/62 MP: 5/5
   132 | D        | Became a worshipper of Sif Muna the Loreminder
   156 | D        | Found Qyosof's Book Emporium.
   156 | D        | Found an ancient bone altar of Kikubaaqudgha.
   156 | D        | Found a hazy altar of Hepliaklqana.
   156 | D        | Found a stormy altar of Qazlal.
   156 | D        | Found a hide-covered altar of Uskayaw.
   156 | D        | Found a blossoming altar of Fedhas.
   156 | D        | Found a bloodstained altar of Trog.
   156 | D        | Found an iron altar of Okawaru.
   156 | D        | Found a basalt altar of Yredelemnul.
   156 | D        | Found a glowing golden altar of the Shining One.
   156 | D        | Found a snail-covered altar of Cheibriados.
   156 | D        | Found a sacrificial altar of Ru.
   156 | D        | Found a glowing silver altar of Zin.
   156 | D        | Found a shadowy altar of Dithmenos.
   156 | D        | Found a white marble altar of Elyvilon.
   156 | D        | Noticed a yak
   163 | D        | Killed a yak
   163 | D        | Reached skill level 10 in Armour
   165 | D        | Found an opulent altar of Gozag.
   166 | D        | Found a sparkling altar of Nemelex Xobeh.
   193 | D        | Noticed Sonja
   196 | D        | Asphyxiated

Skill      XL: |  1  2  3  4  5  6 |
---------------+-------------------+-----
Fighting       | 5 6 8 9 |  9.8
Maces & Flails | 3 4 5 6 |  6.7
Armour         | 5 7 9 10 | 10.1
Shields        | 5 6 8 9 |  9.7
Dodging        | 1 |  1.3

Action                   |  1- 3 |  4- 6 || total
-------------------------+-------+-------++-------
Melee: Flail             |    12 |    17 ||    29
       Headbutt          |     3 |     5 ||     8
  Use: Potion            |       |     1 ||     1
Armor: Scale mail        |     3 |     1 ||     4
Dodge: Dodged            |     1 |     6 ||     7
Block: Shield            |     6 |    10 ||    16
